 Dungeon Crawl Stone Soup version 0.26-b1-32-g5d43845318 (webtiles) character file.

Game seed: 8656523749131959780

32 Borgoz the Ducker (level 3, 0/30 HPs)
             Began as a Ghoul Gladiator on Jan 13, 2021.
             Slain by a rat (2 damage)
             ... on level 2 of the Dungeon.
             The game lasted 00:00:44 (526 turns).

Borgoz the Ducker (Ghoul Gladiator)                  Turns: 526, Time: 00:00:44

Health: 0/30       AC:  4    Str: 17    XL:     3   Next: 27%
Magic:  2/2        EV: 12    Int:  3    God:
Gold:   13         SH:  0    Dex: 11    Spells: 2/2 levels left

rFire    . . .     SeeInvis .   a - +1 flail
rCold    + . .     Faith    .   (no shield)
rNeg     + + +     Spirit   .   b - +0 leather armour
rPois    ∞         Reflect  .   c - +0 helmet
rElec    .         Harm     .   (no cloak)
rCorr    .         Rampage  .   (no gloves)
Will     .....                  (no boots)
Stlth    +.........             (no amulet)
HPRegen  0.00/turn              (no ring)
MPRegen  0.08/turn              (no ring)

@: no status effects
A: claws 1, cold resistance 1, negative energy resistance 3, inhibited
regeneration, torment resistance, unbreathing
a: no special abilities


You were on level 2 of the Dungeon.
You visited 1 branch of the dungeon, and saw 2 of its levels.

You collected 13 gold pieces.

Inventory:

Hand Weapons
 a - a +1 flail (weapon)
Missiles
 d - 3 throwing nets (quivered)
Armour
 b - a +0 leather armour (worn)
 c - a +0 helmet (worn)
Potions
 e - a potion of heal wounds {unknown}
 h - 2 potions of brilliance {unknown}


   Skills:
 * Level 2.8 Fighting
 * Level 3.0 Maces & Flails
 - Level 1.7 Throwing
 * Level 1.0 Armour
 * Level 3.0 Dodging


You had 2 spell levels left.
You didn't know any spells.
Your spell library was empty.

Dungeon Overview and Level Annotations

Branches:
Dungeon (1/15)

Altars:


Innate Abilities, Weirdness & Mutations

You thrive by killing the living.
You are immune to poison.
You have sharp fingernails.
Your flesh is cold resistant. (rC+)
You are immune to negative energy. (rN+++)
You do not regenerate when monsters are visible.
You are immune to unholy pain and torment.
You can survive without breathing.


Message History

The adder bites you but does no damage.
You barely miss the adder.
The adder is lightly wounded.
The rat bites you.
* * * LOW HITPOINT WARNING * * *
The adder bites you but does no damage.
You barely miss the adder. The adder completely misses you.
The rat barely misses you. The adder misses you. The rat closely misses you.
You barely miss the adder. The adder bites you but does no damage.
The rat bites you but does no damage.
You closely miss the rat. The adder bites you.
* * * LOW HITPOINT WARNING * * *
The rat closely misses you. The adder bites you.
* * * LOW HITPOINT WARNING * * *
It was a potion of berserk rage.
You cannot raise a blood rage in your lifeless body.
The adder bites you.
* * * LOW HITPOINT WARNING * * *
The rat bites you.
You die...

#######.#
###......#
#.#
##........#
#.#
#..########
##)## #.##
#...###.#
##.###..#
##...##.##
#..#..#.#
##..@####
##.#r#S##
#...g.K.#
###.#.###
#...gS..##
#)#.#.#S#.#
#)........#
#####.#####
#..###..###.#


You could see a gnoll, an adder, a kobold and a rat.

Vanquished Creatures
  2 adders (D:2)
  A dart slug (D:2)
  2 giant cockroaches (D:1)
  2 goblins
  3 hobgoblins
  A kobold (D:2)
  A rat (D:1)
12 creatures vanquished.

Notes
Turn   | Place    | Note
-------+----------+-------------------------------------------
     0 | D:1      | Borgoz the Ghoul Gladiator began the quest for the Orb.
     0 | D:1      | Reached XP level 1. HP: 17/17 MP: 0/0
   282 | D:1      | You fall into a shaft and drop 1 floor!
   288 | D:2      | Reached XP level 2. HP: 24/25 MP: 1/1
   335 | D:2      | Reached XP level 3. HP: 15/30 MP: 2/2
   521 | D:2      | Reached skill level 1 in Armour
   526 | D:2      | Slain by a rat

Illustrated notes

Levels and vault maps discovered:
D:1:      tarquinn_simple_flora_water_e, layout_loops_ring, grunt_decor_fettered
D:2:      minmay_spotlight, layout_rooms, general_overflow_altar,
          tso_oasis_becter, kennysheep_generic_room_14, uniq_sigmund

Skill      XL: |  1  2  3 |
---------------+----------+-----
Maces & Flails | 3 |  3.0
Dodging        | 3 |  3.0
Armour         | 1 |  1.0
Fighting       | |  2.8
Throwing       | |  1.7

Action                   || total
-------------------------++-------
Melee: Flail             ||    44
  Use: Scroll            ||     1
       Potion            ||     1
Armor: Leather armour    ||    25
Dodge: Dodged            ||    46
